 Dungeon Crawl Stone Soup version 0.19.4-8-ga85b6b9 (webtiles) character file.

123 theRoog the Chopper (level 4, 0/41 HPs)
             Began as a Minotaur Berserker on Feb 13, 2017.
             Was a Believer of Trog.
             Slain by a gnoll
             ... wielding a +0 spear
              (3 damage)
             ... on level 3 of the Dungeon.
             The game lasted 00:01:51 (1578 turns).

theRoog the Chopper (Minotaur Berserker)            Turns: 1578, Time: 00:01:51

Health: 0/41       AC:  6    Str: 22    XL:     4   Next: 79%
Magic:  3/3        EV: 11    Int:  4    God:    Trog [**....]
Gold:   134        SH:  0    Dex: 10    Spells: 0 memorised, 3 levels left

rFire  . . .     SeeInvis .     a - +0 hand axe
rCold  . . .     Gourm    .     l - +0 scale mail
rNeg   . . .     Faith    .     (no shield)
rPois  .         Spirit   .     (helmet restricted)
rElec  .         Reflect  .     (no cloak)
rCorr  .         Harm     .     (no gloves)
MR     .....                    (no boots)
Stlth  ..........               (no amulet)
                                (no ring)
                                (no ring)

@: starving
A: retaliatory headbutt, horns 2
a: Berserk, Trog's Hand, Burn Spellbooks, Renounce Religion


You were on level 3 of the Dungeon.
You worshipped Trog.
Trog was pleased with you.
You were starving.

You visited 1 branch of the dungeon, and saw 3 of its levels.

You collected 134 gold pieces.

Inventory:

Hand Weapons
 a - a +0 hand axe (weapon)
Armour
 b - a +0 animal skin
 l - a +0 scale mail (worn)
Scrolls
 d - a scroll of recharging {unknown}
 f - a scroll of blinking {unknown}
 g - a scroll of remove curse {unknown}
 k - 3 scrolls of identify {unknown}
 m - a scroll of noise {unknown}
 p - a scroll of teleportation {unknown}
 q - a scroll of enchant weapon {unknown}
Potions
 e - 2 potions of curing {unknown}
 i - a potion of invisibility {unknown}
 j - a potion of degeneration {unknown}
 n - a potion of flight {unknown}
 r - a potion of haste {unknown}
Comestibles
 c - a bread ration
 h - 4 fruits
 o - a beef jerky


   Skills:
 + Level 4.8 Fighting
 + Level 5.2 Axes
 + Level 2.9 Armour
 + Level 2.8 Dodging


You had 3 spell levels left.
You didn't know any spells.

Dungeon Overview and Level Annotations

Branches:
Dungeon (3/15)

Altars:
Yredelemnul
The Shining One


Innate Abilities, Weirdness & Mutations

You reflexively headbutt those who attack you in melee.
You have a pair of horns on your head.


Message History

* * * LOW HITPOINT WARNING * * *
The gnoll hits you from afar with a spear.
* * * LOW HITPOINT WARNING * * *
The gnoll hits you but does no damage. The gnoll misses you.
The gnoll hits you but does no damage.
A gnoll comes into view. It is wielding a spear.
The gnoll shouts!
A rat comes into view.
You barely miss the rat. The gnoll completely misses you.
The gnoll hits you but does no damage. The rat bites you but does no damage.
You slash the rat!
You kill the rat!
Trog accepts your kill. The gnoll barely misses you.
The gnoll hits you from afar with a spear.
* * * LOW HITPOINT WARNING * * *
Unknown command.
The gnoll hits you from afar with a spear.
You die...

#.# # #. #.........# #.# # #.
#....##.#.####.# #
#..#.....Ko#.#....# # #.#
..#....##.#.#....### #. #.#..#
......##g#.#....... #.##.#..#.
#.g..##.#.#....#.. # #
#.##.#..#..#..#.##.#.#....#..
#.#.#.##.#..#...@..g.o...'.......
...#.##.#..#.#####g#..###...)#.#
...##.#.>#.# ##.#..###.(.##+#
#.##.#..#.####......##(..#... #
#...............#........'...
..###†##......####..#....#####...
......##......# #.......# ####
.....<........####.........#
..............))......#..#...


You could see 3 gnolls and an orc.

Vanquished Creatures
  An orc priest (D:3)
  An adder (D:2)
  A gnoll (D:1)
  An adder zombie (D:1)
  2 worms (D:2)
  2 dart slugs
  A leopard gecko (D:1)
  5 orcs (D:3)
  2 giant cockroaches
  4 goblins
  8 hobgoblins
  3 jackals (D:2)
  7 kobolds
  4 bats
  2 frilled lizards
  A leopard gecko zombie (D:1)
  11 rats
  A spectral orc (D:3)
57 creatures vanquished.

Notes
Turn   | Place    | Note
-------+----------+-------------------------------------------
     0 | D:1      | theRoog the Minotaur Berserker began the quest for the Orb.
     0 | D:1      | Reached XP level 1. HP: 19/19 MP: 0/0
    76 | D:1      | Reached skill level 4 in Axes
    78 | D:1      | Reached XP level 2. HP: 23/27 MP: 1/1
   420 | D:1      | Reached XP level 3. HP: 22/33 MP: 2/2
   945 | D:2      | Reached ** piety under Trog
  1061 | D:2      | Found a glowing golden altar of the Shining One.
  1320 | D:2      | Reached XP level 4. HP: 41/41 MP: 3/3
  1366 | D:3      | Reached skill level 5 in Axes
  1422 | D:3      | Found a basalt altar of Yredelemnul.
  1578 | D:3      | Slain by a gnoll

Skill      XL: |  1  2  3  4 |
---------------+-------------+-----
Axes           | 4 5 |  5.2
Fighting       | 4 |  4.8
Armour         | |  2.9
Dodging        | |  2.8

Action                   |  1- 3 |  4- 6 || total
-------------------------+-------+-------++-------
Melee: Hand axe          |    62 |    40 ||   102
       Headbutt          |     9 |    13 ||    22
Armor: Animal skin       |     6 |       ||     6
       Scale mail        |    12 |    21 ||    33
Dodge: Dodged            |    34 |    27 ||    61
